 Dungeon Crawl Stone Soup version 0.21.0-3-g78d12a8 (webtiles) character file.

63 tv1990 the Bolt Thrower (level 4, 0/34 HPs)
             Began as a Formicid Hunter on Jan 11, 2018.
             Splashed by a jelly's acid (6 damage)
             ... on level 2 of the Dungeon.
             The game lasted 00:03:33 (1434 turns).

tv1990 the Bolt Thrower (Formicid Hunter)           Turns: 1434, Time: 00:03:33

Health: 0/34       AC: -4    Str: 17    XL:     4   Next: 31%
Magic:  4/4        EV: 11    Int: 10    God:
Gold:   92         SH:  3    Dex: 12    Spells: 3/3 levels left

rFire    . . .     SeeInvis +   a - +1 hand crossbow
rCold    . . .     Gourm    .   m - +0 buckler
rNeg     . . .     Faith    .   c - +0 leather armour
rPois    .         Spirit   .   (helmet unavailable)
rElec    .         Reflect  .   (no cloak)
rCorr    .         Harm     .   (no gloves)
MR       .....                  (no boots)
Stlth    +.........             (no amulet)
HPRegen  0.11/turn              (no ring)
MPRegen  0.09/turn              (no ring)

@: corroded
A: permanent stasis, dig shafts and tunnels, four strong arms, antennae 3
a: Dig, Shaft Self


You were on level 2 of the Dungeon.
You were not hungry.

You visited 1 branch of the dungeon, and saw 2 of its levels.

You collected 92 gold pieces.

Inventory:

Hand Weapons
 a - a +1 hand crossbow (weapon)
 b - a +0 short sword
Missiles
 d - 26 bolts (quivered)
Armour
 c - a +0 leather armour (worn)
 m - a +0 buckler (worn)
Scrolls
 e - a scroll of fog {unknown}
 i - 2 scrolls of enchant weapon {unknown}
 n - a scroll of remove curse {unknown}
 o - a scroll of amnesia {unknown}
Potions
 h - a potion of curing {unknown}
 j - a potion of mutation {unknown}
 k - 2 potions of magic {unknown}
 l - a potion of heal wounds {unknown}
Comestibles
 f - 2 rations


   Skills:
 + Level 2.9 Fighting
 * Level 4.8 Crossbows
 + Level 1.5 Armour
 - Level 1.7 Dodging
 - Level 1.2 Stealth
 + Level 1.0 Shields


You had 3 spell levels left.
You didn't know any spells.

Dungeon Overview and Level Annotations

Branches:
Dungeon (2/15)

Altars:


Innate Abilities, Weirdness & Mutations

You cannot be hasted, slowed, berserked, paralysed or teleported.
You can dig through walls and to a lower floor.
Your four strong arms can wield two-handed weapons with a shield.
You have a pair of large antennae on your head. (SInv)


Message History

The jelly barely misses you.
Aim: a jelly (heavily wounded)
You shoot a bolt. The bolt hits the jelly!
The ooze hits something.
The jelly barely misses you.
The ooze hits something.
Aim: a jelly (almost dead)
You shoot a bolt.
The bolt hits the jelly but does no damage.
The jelly hits you.
* * * LOW HITPOINT WARNING * * *
You are splashed with acid!
The acid burns!
* * * LOW HITPOINT WARNING * * *
The ooze jiggles.
The ooze hits something.
Aim: a jelly (almost dead)
You shoot a bolt.
The bolt hits the jelly but does no damage.
The jelly hits you.
* * * LOW HITPOINT WARNING * * *
You are splashed with acid!
The acid burns!
You die...

#.# #.# ##.....## ...
#.## #.# #.......# .#.
#..######.# #.......# #
# ###.....##.#
#.......# .##.....##.#
#.......# .###....##.#
#....#### .# #..####.#
#....'..## .# ##.## #.#
########.# .####..###.#
##J@....##
...........###J########
.#####.######JP{P.P.P.#
......... #{J{P.÷...#
.###.#..## #...J.P.÷.#
.# #.# #.P.J.P..÷# .#
.. #÷..P..÷..# .# ..#
#..÷P..../# .#
..#.############


You could see a jelly and 2 oozes.

Vanquished Creatures
  2 adders (D:2)
  A leopard gecko (D:2)
  4 bats (D:1)
  2 giant cockroaches (D:1)
  9 goblins
  3 hobgoblins (D:1)
  6 jackals
  8 kobolds
  A ball python (D:1)
  4 frilled lizards (D:1)
  3 rats
43 creatures vanquished.

Vanquished Creatures (others)
  4 toadstools (D:2)
4 creatures vanquished.

Grand Total: 47 creatures vanquished

Notes
Turn   | Place    | Note
-------+----------+-------------------------------------------
     0 | D:1      | tv1990 the Formicid Hunter began the quest for the Orb.
     0 | D:1      | Reached XP level 1. HP: 16/16 MP: 1/1
    48 | D:1      | Reached XP level 2. HP: 15/23 MP: 2/2
   411 | D:1      | Reached skill level 1 in Armour
   599 | D:1      | Reached XP level 3. HP: 27/28 MP: 3/3
  1199 | D:2      | Reached XP level 4. HP: 22/34 MP: 4/4
  1352 | D:2      | Reached skill level 1 in Shields
  1434 | D:2      | Splashed by a jelly's acid

Skill      XL: |  1  2  3  4 |
---------------+-------------+-----
Armour         | 1 |  1.5
Shields        | 1 |  1.0
Fighting       | |  2.9
Crossbows      | |  4.8
Dodging        | |  1.7
Stealth        | |  1.2

Action                   |  1- 3 |  4- 6 || total
-------------------------+-------+-------++-------
Melee: Short sword       |   139 |    19 ||   158
 Fire: Hand crossbow     |     9 |     6 ||    15
 Abil: Dig               |       |     1 ||     1
 Stab: Sleeping          |     2 |     1 ||     3
  Eat: Chunk             |     1 |     1 ||     2
Armor: Leather armour    |    39 |       ||    39
Dodge: Dodged            |   102 |    16 ||   118
Block: Buckler           |     8 |     2 ||    10

Vault maps used:
D:1:      saegor_arrival_simple_f
D:2:      cheibrodos_fertilizer, lemuel_doored_altar,
          minmay_overflow_temple_star_quad, uniq_natasha
